 Dungeon Sprint DCSS version 0.30-a0-847-g17996783a1 (webtiles) character file.

Game seed: 5444475450449541059

7667 rocky1 the Covert (level 11, -11/98 HPs)
             Began as an Octopode Transmuter on Mar 3, 2023.
             Was the Champion of Cheibriados.
             Mangled by a guardian mummy (22 damage)
             ... in the Dungeon (Sprint VII: "The Pits").
             The game lasted 00:05:19 (2434 turns).

rocky1 the Covert (Octopode Transmuter)             Turns: 2434, Time: 00:05:20

Health: -11/98     AC: 14    Str: 27    XL:     11   Next: 18%
Magic:  15/24      EV: 20    Int: 35    God:    Cheibriados [******]
Gold:   0          SH:  0    Dex: 28    Spells: 19/29 levels left

rFire   x . .      SeeInvis .      - Unarmed
rCold   + + +      Faith    .    (shield currently unavailable)
rNeg    . . .      Spirit   .    (helmet currently unavailable)
rPois   +          Reflect  .    (no amulet)
rElec   .          Rampage  .    l - +3 ring of strength
rCorr   .          NoTele   +    m - +3 ring of protection
Will    .....                    (no ring)
Stlth   ++++++                   (no ring)
HPRegen 0.36/turn                (no ring)
MPRegen 0.19/turn                (no ring)
                                 (no ring)
                                 (no ring)

@: ice-form, slowed, invisible, very slow
A: freezing attack, boosted hp, almost no armour, amphibious, 8 rings, large,
(camouflage 1), (gelatinous body 1), (nimble swimmer 1), (tentacles)
a: End Transformation, Renounce Religion, Bend Time, Temporal Distortion,
Slouch, Step From Time


You were in the Dungeon.
You worshipped Cheibriados.
Cheibriados was exalted by your worship.
You were a creature of crystalline ice.
You visited 1 branch

Inventory:

Missiles
 o - 4 javelins
Jewellery
 l - a +3 ring of strength (left front paw)
 m - a +3 ring of protection (right front paw)
Wands
 k - a wand of polymorph (8)
Scrolls
 i - 5 scrolls of amnesia
 j - a scroll of summoning
Potions
 a - a potion of lignification
 b - 10 potions of curing
 c - 2 potions of heal wounds
 d - a potion of haste
 e - 3 potions of magic
 f - 2 potions of berserk rage
 h - a potion of invisibility
 n - a potion of mutation


   Skills:
 + Level 10.4 Fighting
 + Level 10.7 Dodging
 + Level 14.1 Stealth
 + Level 10.8 Unarmed Combat
 + Level 9.8 Spellcasting
 + Level 10.6 Transmutations
 + Level 11.1 Invocations


You had 19 spell levels left.
You knew the following spells:

 Your Spells              Type           Power      Damage    Failure   Level
a - Beastly Appendage     Tmut           100%       N/A       1%          1
b - Wereblood             Tmut           75%        N/A       1%          2
c - Spider Form           Tmut/Pois      53%        N/A       1%          3
d - Ice Form              Ice/Tmut       53%        N/A       2%          4

Your spell library contained the following spells:

 Spells                   Type           Power      Damage    Failure   Level


Dungeon Overview and Level Annotations

Branches:
Dungeon (1/1)

Altars:
Ashenzari
Cheibriados
Dithmenos
Elyvilon
Fedhas
Gozag
Hepliaklqana
Kikubaaqudgha
Makhleb
Nemelex Xobeh
Okawaru
Qazlal
Ru
Sif Muna
Trog
Uskayaw
Vehumet
Wu Jian
Xom
Yredelemnul
Zin
The Shining One
Jiyva
Lugonu


Innate Abilities, Weirdness & Mutations

You are a creature of crystalline ice.
You have a powerful freezing melee attack.
Your maximum health is increased.
Your armour is entirely melded.
You are incapable of wielding weapons or throwing items.
You cannot wear most types of armour.
You are amphibious.
You can wear up to eight rings at the same time.
((Your skin changes colour to match your surroundings (Stealth+).))
((Your rubbery body absorbs attacks. (AC +1, EV +1)))
((You are camouflaged when in or above water. (Stealth+)))
((You have tentacles for arms and can constrict up to eight enemies at once.))


Message History

The ynoxinul gestures at you. The iron shot misses you.
Something closely misses you.
Unknown command.
Magic courses through your body. The guardian mummy closely misses you.
The ynoxinul gestures.
Something hits you.
* * * LOW HITPOINT WARNING * * *
Something drains your vigour!
You feel as though you will be slow longer.
The ynoxinul hits you!
* * * LOW HITPOINT WARNING * * *
The guardian mummy closely misses you.
Unknown command.
Activating: Slouch (1% risk of failure)
Press: ? - help, Dir - look around, f - activate You can feel time thicken for a moment.
Cheibriados thoroughly appreciates the change of pace.
Reactivating autopickup.
You feel a bit more experienced.
You kill the ufetubus!
The ufetubus disappears in a puff of smoke!
You kill the ufetubus!
The ufetubus disappears in a puff of smoke!
You kill the ynoxinul!
Cheibriados appreciates the change of pace.
The ufetubus disappears in a puff of smoke!
The guardian mummy misses you.
Your Stealth skill increases to level 14!
Your Invocations skill increases to level 11!
Unknown command.
Activating: Slouch (1% risk of failure)
Press: ? - help, Dir - look around, f - activate You can feel time thicken for a moment.
You kill the ynoxinul!
Cheibriados appreciates the change of pace.
The ufetubus disappears in a puff of smoke!
You destroy the gargoyle!
Cheibriados appreciates the change of pace.
The guardian mummy hits you!!
You die...

''###### ''############
###### ....))'..'...###
..... ...)..)..'.)...##
C... ...).##..##.....##
m..# ...###....###....#
...#
..##........###.###..# .
''#...#..#...#..†M#§.#....
.............'..Y.§†§5.†.k
''#.).#..#...#....#..#....
..##........###.###..# .
...###....###....# ...#
...[.##..##.)...## ...#
#..)..'..')....##


ys.. ###...'..†...### ..... ############ ###### You could see a guardian mummy
(unable to see you).

Vanquished Creatures
  A merfolk avatar (D)
  A death yak (D)
  Urug (D)
  A shadow wraith (D)
  3 deep elf zephyrmancers (D)
  A lindwurm (D)
  A deep elf pyromancer (D)
  A molten gargoyle (D)
  An eye of devastation (D)
  A demonic crawler (D)
  A gargoyle (D)
  A cane toad (D)
  A komodo dragon (D)
  An unseen horror (D)
  A red devil (D)
  A hornet (D)
  An air elemental (D)
  2 ynoxinuls (D)
  A steam dragon (D)
  Edmund (D)
  Menkaure (D)
  An acid dragon (D)
  A water moccasin (D)
  2 ogres (D)
  A wolf (D)
  A kobold brigand (D)
  A bullfrog (D)
  A necrophage (D)
  2 orc priests (D)
  A hound (D)
  Jessica (D)
  2 mummies (D)
  A gnoll (D)
  A white imp (D)
  An adder zombie (D)
  3 orcs (D)
  An endoplasm (D)
  A giant cockroach (D)
  10 jackals (D)
  2 ball pythons (D)
  3 bats (D)
  2 frilled lizards (D)
  A rat (D)
64 creatures vanquished.

Notes
Turn   | Place    | Note
-------+----------+-------------------------------------------
     0 | D        | rocky1 the Octopode Transmuter began the quest for the Orb.
     0 | D        | Reached XP level 1. HP: 13/13 MP: 3/3
    17 | D        | Reached XP level 2. HP: 14/19 MP: 2/5
   127 | D        | Found a bloodstained altar of Trog.
   127 | D        | Found a shimmering blue altar of Sif Muna.
   127 | D        | Found a viscous altar of Jiyva.
   127 | D        | Found a hazy altar of Hepliaklqana.
   127 | D        | Found an opulent altar of Gozag.
   128 | D        | Found a glowing golden altar of the Shining One.
   128 | D        | Found a glowing silver altar of Zin.
   128 | D        | Found a basalt altar of Yredelemnul.
   128 | D        | Found a shimmering altar of Xom.
   128 | D        | Found an ornate altar of the Wu Jian Council.
   128 | D        | Found a sacrificial altar of Ru.
   128 | D        | Found a stormy altar of Qazlal.
   128 | D        | Found an iron altar of Okawaru.
   128 | D        | Found a sparkling altar of Nemelex Xobeh.
   128 | D        | Found a burning altar of Makhleb.
   128 | D        | Found a blossoming altar of Fedhas.
   128 | D        | Found a white marble altar of Elyvilon.
   128 | D        | Found a shadowy altar of Dithmenos.
   128 | D        | Found a snail-covered altar of Cheibriados.
   132 | D        | Found a corrupted altar of Lugonu.
   132 | D        | Found a radiant altar of Vehumet.
   133 | D        | Found a broken altar of Ashenzari.
   133 | D        | Found an ancient bone altar of Kikubaaqudgha.
   133 | D        | Found a hide-covered altar of Uskayaw.
   139 | D        | Became a worshipper of Cheibriados the Contemplative
   175 | D        | Reached * piety under Cheibriados
   187 | D        | Reached ** piety under Cheibriados
   188 | D        | Reached skill level 1 in Stealth
   393 | D        | Noticed Edmund
   398 | D        | Reached *** piety under Cheibriados
   399 | D        | Reached skill level 1 in Invocations
   408 | D        | Killed Edmund
   409 | D        | Reached skill level 4 in Stealth
   409 | D        | Reached XP level 3. HP: 15/27 MP: 5/8
   409 | D        | Reached XP level 4. HP: 19/33 MP: 5/9
   409 | D        | Reached XP level 5. HP: 21/37 MP: 5/10
   721 | D        | Learned a level 2 spell: Wereblood
   725 | D        | Learned a level 3 spell: Spider Form
   730 | D        | Learned a level 4 spell: Ice Form
   738 | D        | Noticed Jessica
   741 | D        | Reached **** piety under Cheibriados
   741 | D        | Noticed a wolf
   746 | D        | Reached skill level 5 in Unarmed Combat
   746 | D        | Reached ***** piety under Cheibriados
   748 | D        | Reached skill level 5 in Stealth
   754 | D        | Killed a wolf
   755 | D        | Reached skill level 5 in Dodging
   755 | D        | Reached skill level 5 in Transmutations
   755 | D        | Reached XP level 6. HP: 44/44 MP: 7/12
   757 | D        | Killed Jessica
   758 | D        | Reached skill level 6 in Stealth
   772 | D        | Reached ****** piety under Cheibriados
  1194 | D        | Reached skill level 5 in Fighting
  1194 | D        | Reached skill level 5 in Spellcasting
  1194 | D        | Reached skill level 5 in Invocations
  1195 | D        | Noticed a lindwurm
  1201 | D        | Killed a lindwurm
  1202 | D        | Reached skill level 8 in Stealth
  1202 | D        | Reached XP level 7. HP: 53/53 MP: 9/16
  1208 | D        | Reached XP level 8. HP: 58/58 MP: 10/17
  1535 | D        | Noticed a deep elf zephyrmancer
  1535 | D        | Noticed a deep elf zephyrmancer
  1539 | D        | Killed a deep elf zephyrmancer
  1540 | D        | Reached skill level 9 in Stealth
  1546 | D        | Killed a deep elf zephyrmancer
  1547 | D        | Reached skill level 10 in Stealth
  1547 | D        | Reached XP level 9. HP: 65/65 MP: 13/20
  1654 | D        | Noticed an eye of devastation
  1654 | D        | Noticed a cane toad
  1655 | D        | Noticed Urug
  1665 | D        | Killed a cane toad
  1665 | D        | Killed an unseen horror
  1666 | D        | Reached skill level 11 in Stealth
  1667 | D        | Killed Urug
  1672 | D        | Killed an eye of devastation
  1673 | D        | Reached skill level 12 in Stealth
  1673 | D        | Reached XP level 10. HP: 39/73 MP: 10/22
  1804 | D        | Noticed a molten gargoyle
  1824 | D        | Killed a molten gargoyle
  2301 | D        | Noticed a death yak
  2306 | D        | Killed a death yak
  2307 | D        | Reached skill level 10 in Unarmed Combat
  2307 | D        | Reached skill level 10 in Invocations
  2311 | D        | Reached skill level 13 in Stealth
  2316 | D        | Noticed a demonic crawler
  2317 | D        | Noticed a deep elf pyromancer
  2326 | D        | Killed a deep elf pyromancer
  2327 | D        | Reached skill level 10 in Dodging
  2327 | D        | Reached skill level 10 in Transmutations
  2331 | D        | Killed a demonic crawler
  2370 | D        | Noticed a deep elf zephyrmancer
  2374 | D        | Killed a deep elf zephyrmancer
  2375 | D        | Reached skill level 10 in Fighting
  2415 | D        | Noticed a cyclops
  2415 | D        | Noticed a merfolk avatar
  2416 | D        | Noticed Menkaure
  2422 | D        | Killed Menkaure
  2423 | D        | Reached XP level 11. HP: 15/81 MP: 0/24
  2431 | D        | Killed a merfolk avatar
  2433 | D        | Killed a shadow wraith
  2434 | D        | Reached skill level 14 in Stealth
  2434 | D        | Mangled by a guardian mummy

Illustrated notes

Levels and vault maps discovered:
D:        pitsprint [storerooms_1, entrance_room_1, metal_vault_4, armoury_2,
          mini_pit_1, grid_room_1, main_hall_1, silver_pit, the_coven_1,
          the_vestibule_1, steel_vault_2, golden_pit, hallway_of_sentries,
          crystal_vault_4, iron_vault_5, final_vault]

Skill      XL: |  1  2  3  4  5  6  7  8  9 10 11 |
---------------+----------------------------------+-----
Fighting       | 2 3 4 6 7 8 10 | 10.4
Stealth        | 4 5 8 10 12 13 14 | 14.1
Invocations    | 3 4 6 8 9 10 11 | 11.1
Dodging        | 4 5 6 7 8 9 10 | 10.7
Unarmed Combat | 4 5 7 8 9 10 | 10.8
Spellcasting   | 3 4 6 7 8 9 |  9.8
Transmutations | 4 5 6 8 9 10 | 10.6

Action                     |  1- 3 |  4- 6 |  7- 9 | 10-12 || total
---------------------------+-------+-------+-------+-------++-------
  Melee: Unarmed           |    21 |    24 |    31 |    54 ||   130
         Constrict         |     6 |       |       |       ||     6
         Kick              |     6 |       |       |       ||     6
         Tentacles         |     6 |       |       |       ||     6
   Cast: Beastly Appendage |     4 |     1 |       |       ||     5
         Wereblood         |       |     2 |     2 |     3 ||     7
         Spider Form       |       |     1 |       |     2 ||     3
         Ice Form          |       |     1 |     2 |     4 ||     7
 Invoke: Slouch            |       |       |     2 |     5 ||     7
         Step From Time    |       |       |       |     1 ||     1
    Use: Potion            |     1 |       |       |    11 ||    12
         Scroll            |       |       |       |     1 ||     1
   Stab: Sleeping          |     3 |     4 |     2 |     1 ||    10
         Invisible         |       |       |       |     2 ||     2
 Armour: Skin              |     1 |     7 |    12 |    22 ||    42
  Dodge: Dodged            |     6 |    21 |    28 |    83 ||   138

Table legend: (Time is in decaauts)
 A = Elapsed time spent in this place.
 B = Non-inter-level travel time spent in this place.
 C = Inter-level travel time spent in this place.
 D = Time resting spent in this place.
 E = Time spent auto-exploring this place.
 F = Levels seen in this place.
 G = Mean time per level.
                   A        B        C        D        E       F      G
               +--------+--------+--------+--------+--------+-----+--------+
         Total |   2698 |   2584 |    114 |   1914 |      0 |   1 | 2698.0 |
       Dungeon |   2698 |   2584 |    114 |   1914 |      0 |   1 | 2698.0 |
               +--------+--------+--------+--------+--------+-----+--------+

Top non-repeatable levels by time:
       D: 2698 daAuts
